 Dungeon Crawl Stone Soup version 0.23.2-1-ga50397a (webtiles) character file.

Game seed: 13241183002564552436

16414 LLlMATKO the Fighter (level 12, -10/116 HPs)
             Began as a Minotaur Berserker on Apr 21, 2019.
             Was a High Priest of Trog.
             Mangled by an orc warrior
             ... wielding a +0 glaive
              (17 damage)
             ... on level 2 of the Orcish Mines.
             The game lasted 00:33:41 (13034 turns).

LLlMATKO the Fighter (Minotaur Berserker)          Turns: 13034, Time: 00:33:42

Health: -10/116    AC: 18    Str: 24    XL:     12   Next: 9%
Magic:  11/11      EV: 12    Int:  4    God:    Trog [*****.]
Gold:   528        SH:  0    Dex: 13    Spells: 11/11 levels left

rFire    x . .     SeeInvis .   i - +5 battleaxe (chop)
rCold    + . .     Gourm    .   (shield currently unavailable)
rNeg     . . .     Faith    .   G - quicksilver dragon scales
rPois    .         Spirit   .   g - +1 hat
rElec    .         Reflect  .   e - +0 cloak
rCorr    .         Harm     .   n - +0 pair of gloves
MR       +....                  (no boots)
Stlth    +.........             (no amulet)
HPRegen  0.29/turn              (no ring)
MPRegen  0.12/turn              k - ring of ice

@: no status effects
A: retaliatory headbutt, horns 2
a: Berserk, Trog's Hand, Brothers in Arms, Renounce Religion


You were on level 2 of the Orcish Mines.
You worshipped Trog.
Trog was extremely pleased with you.
You were not hungry.

You visited 3 branches of the dungeon, and saw 14 of its levels.
You also visited: Ossuary.

You collected 528 gold pieces.

Inventory:

Hand Weapons
 i - a +5 battleaxe of chopping (weapon)
 w - a +0 war axe of flaming
Missiles
 a - 4 tomahawks
 p - 204 stones (quivered)
Armour
 e - a +0 cloak (worn)
 g - a +1 hat (worn)
 n - a +0 pair of gloves (worn)
 G - quicksilver dragon scales (worn)
Jewellery
 k - a ring of ice (right hand)
Wands
 o - a wand of paralysis (10)
 v - a wand of acid (9)
 y - a wand of digging (13)
 E - a wand of random effects (36)
 H - a wand of flame (21)
Scrolls
 b - 4 scrolls of fear
 d - 9 scrolls of remove curse
 l - 7 scrolls of identify
 q - 3 scrolls of magic mapping
 r - 3 scrolls of teleportation
 F - 3 scrolls of blinking
Potions
 f - 4 potions of curing
 h - 8 potions of haste
 j - 4 potions of flight
 t - 4 potions of might
 x - a potion of berserk rage {unknown}
 z - 2 potions of brilliance
 A - a potion of heal wounds {unknown}
 B - a potion of resistance {unknown}
 C - a potion of invisibility {unknown}
 D - 2 potions of mutation {unknown}
 I - a potion of cancellation {unknown}
Comestibles
 c - 15 rations
 m - 13 chunks of flesh


   Skills:
 + Level 13.7 Fighting
 + Level 13.7 Axes
 + Level 13.4 Armour
 - Level 2.1 Dodging


You had 11 spell levels left.
You didn't know any spells.
Your spell library was empty.

Dungeon Overview and Level Annotations

Branches:
Dungeon (11/15)            Temple (1/1) D:6            Lair (0/6) D:11
    Orc (1/2) D:10

Altars:
Ashenzari
Dithmenos
Elyvilon
Fedhas
Gozag
Ru
Uskayaw
Vehumet

Shops:
D:5 (   D:11 [

Portals:
Trove: D:10 (give 16 potions of curing)


Innate Abilities, Weirdness & Mutations

You reflexively headbutt those who attack you in melee.
You have a pair of horns on your head.


Message History

You hit the orc warrior.
You hit the orc warrior but do no damage.
The ogre hits you with a +0 giant club!
The orc warrior hits you with a +0 glaive!
* * * LOW HITPOINT WARNING * * *
The orc warrior hits you with a +0 war axe.
* * * LOW HITPOINT WARNING * * *
You slash the ogre!
You kill the ogre!
Trog accepts your kill.
You slash the orc warrior!
You kill the orc warrior!
Trog accepts your kill.
You hit the orc warrior.
The orc warrior hits you with a +0 glaive!
* * * LOW HITPOINT WARNING * * *
You closely miss the orc warrior.
The orc warrior is lightly wounded.
The orc warrior hits you with a +0 glaive!
You die...

##..$.....#
##.........#$ .
#............
..##.......#..#
.#............#
........#....#
#...[.....##
##.))......#
#..()@..#.##
....#...o...#
#.. #......## .
#......#
##.##.## .$ ##
... .._.


You could see an orc warrior.

Vanquished Creatures
  A hydra (D:11)
  Harold (D:8)
  Erica (D:10)
  A two-headed ogre (D:11)
  The ghost of ThereIsNoGod the Martial Artist, a novice MfGl of Xom (D:9)
  An unseen horror (D:11)
  Pikel (D:9)
  A cyclops (D:10)
  An ugly thing (D:11)
  An orc sorcerer (Orc:1)
  Joseph (D:8)
  Psyche (D:10)
  A troll (Orc:1)
  4 slime creatures (D:11)
  2 hippogriffs
  A meliai zombie (D:10)
  9 yaks
  3 hungry ghosts
  A warg (Orc:1)
  2 acid dragons (D:11)
  A water moccasin (D:8)
  8 orc warriors
  A hornet zombie (D:8)
  3 sky beasts
  4 slaves (D:9)
  2 phantoms
  A necrophage (D:10)
  6 ogres
  7 centaurs
  A crocodile (D:9)
  A gnoll sergeant (D:8)
  7 bullfrogs
  13 scorpions
  A wyvern skeleton (D:11)
  3 killer bees (D:8)
  3 wights (D:10)
  5 howler monkeys
  4 crimson imps
  A quasit (D:9)
  3 centaur zombies (Ossuary)
  2 bullfrog zombies
  2 jellies
  Crazy Yiuf (D:3)
  A human zombie (Ossuary)
  12 orc priests
  7 hounds
  18 orc wizards
  2 bullfrog skeletons
  4 iguanas
  Natasha (thrice) (D:2)
  7 worker ants
  A hound skeleton (D:11)
  4 mummies
  A howler monkey skeleton (D:7)
  4 gnolls (D:8)
  4 scorpion zombies (Ossuary)
  11 adders
  A shadow imp (D:11)
  An ooze (D:3)
  3 adder zombies
  4 adder skeletons
  2 worms (D:2)
  2 dart slugs
  8 leopard geckos
  47 orcs
  2 ball pythons
  9 bats
  8 giant cockroaches
  7 goblins
  10 hobgoblins
  18 jackals
  6 kobolds
  13 quokkas
  7 frilled lizards
  A gnoll zombie (Ossuary)
  2 goblin zombies (Ossuary)
  7 hobgoblin zombies
  A jackal skeleton (D:4)
  2 kobold zombies
  2 leopard gecko skeletons
  2 orc zombies (Ossuary)
  11 rats
370 creatures vanquished.

Vanquished Creatures (others)
  A fungus (Orc:2)
  2 withered plants (D:9)
3 creatures vanquished.

Grand Total: 373 creatures vanquished

Notes
Turn   | Place    | Note
-------+----------+-------------------------------------------
     0 | D:1      | LLlMATKO the Minotaur Berserker began the quest for the
                  | Orb.
     0 | D:1      | Reached XP level 1. HP: 19/19 MP: 0/0
   155 | D:1      | Reached XP level 2. HP: 15/27 MP: 1/1
   562 | D:1      | Reached XP level 3. HP: 33/33 MP: 2/2
   567 | D:1      | Reached ** piety under Trog
   952 | D:2      | Reached XP level 4. HP: 40/41 MP: 3/3
  1089 | D:2      | Found a faded altar of an unknown god.
  1241 | D:2      | Noticed Natasha
  1307 | D:2      | Found a sacrificial altar of Ru.
  1314 | D:2      | Killed Natasha
  1427 | D:2      | Noticed Natasha
  1432 | D:2      | Killed Natasha
  1507 | D:2      | Noticed Natasha
  1521 | D:2      | Killed Natasha
  1521 | D:2      | Reached *** piety under Trog
  1521 | D:2      | Reached skill level 5 in Fighting
  1521 | D:2      | Reached skill level 5 in Axes
  1521 | D:2      | Reached XP level 5. HP: 29/48 MP: 4/4
  2712 | D:3      | Found a runed translucent door.
  2713 | D:3      | Noticed Crazy Yiuf
  3021 | D:3      | Killed Crazy Yiuf
  3103 | D:4      | Found an opulent altar of Gozag.
  3234 | D:4      | Reached XP level 6. HP: 56/56 MP: 5/5
  3252 | D:4      | Reached skill level 5 in Armour
  3503 | D:4      | Reached **** piety under Trog
  3575 | D:4      | Reached XP level 7. HP: 63/63 MP: 6/6
  4345 | D:5      | Entered Level 5 of the Dungeon
  4891 | D:5      | Found Faull's Antique Weapon Boutique.
  5232 | D:5      | Reached XP level 8. HP: 73/73 MP: 7/7
  5523 | D:6      | Found a staircase to the Ecumenical Temple.
  5663 | Temple   | Entered the Ecumenical Temple
  5857 | D:6      | Reached ***** piety under Trog
  6671 | D:7      | Reached XP level 9. HP: 78/82 MP: 8/8
  6744 | D:7      | Found a sand-covered staircase.
  6761 | Ossuary  | Entered an ossuary
  7903 | D:8      | Noticed Joseph
  7910 | D:8      | Killed Joseph
  7910 | D:8      | Reached skill level 10 in Fighting
  7910 | D:8      | Reached skill level 10 in Axes
  8124 | D:8      | Reached skill level 10 in Armour
  8436 | D:8      | Received a gift from Trog
  8436 | D:8      | Reached XP level 10. HP: 93/94 MP: 9/9
  8598 | D:8      | Found a hide-covered altar of Uskayaw.
  8789 | D:8      | Noticed Harold
  8801 | D:8      | Killed Harold
  9218 | D:9      | Found a runed translucent door.
  9219 | D:9      | Noticed ThereIsNoGod's ghost (novice MfGl)
  9323 | D:9      | Noticed Pikel
  9333 | D:9      | Killed Pikel
  9478 | D:9      | Found a shadowy altar of Dithmenos.
  9943 | D:9      | Killed ThereIsNoGod's ghost
 10000 | D:10     | Entered Level 10 of the Dungeon
 10165 | D:10     | Found a staircase to the Orcish Mines.
 10241 | D:10     | Reached XP level 11. HP: 88/104 MP: 10/10
 10590 | D:10     | Found a portal to a secret trove of treasure.
 10590 | D:10     | Noticed Psyche
 10598 | D:10     | Killed Psyche
 10943 | D:10     | Received a gift from Trog
 10992 | D:10     | Noticed Erica
 10998 | D:10     | Killed Erica
 11390 | D:11     | Noticed a four-headed hydra
 11399 | D:11     | Killed a seven-headed hydra
 11406 | D:11     | Killed an unseen horror
 11826 | D:11     | Noticed a cyan ugly thing
 11838 | D:11     | Killed a cyan ugly thing
 12010 | D:11     | Found Iffesued's Antique Armour Shoppe.
 12086 | D:11     | Found a blossoming altar of Fedhas.
 12292 | D:11     | Noticed a two-headed ogre
 12307 | D:11     | Killed a two-headed ogre
 12513 | D:11     | Found a staircase to the Lair.
 12681 | Orc:1    | Entered Level 1 of the Orcish Mines
 12729 | Orc:1    | Reached XP level 12. HP: 115/115 MP: 11/11
 13021 | Orc:1    | You fall through a shaft!
 13021 | Orc:2    | Entered Level 2 of the Orcish Mines
 13030 | Orc:2    | Received a gift from Trog
 13031 | Orc:2    | Found a radiant altar of Vehumet.
 13034 | Orc:2    | Mangled by an orc warrior

Skill      XL: |  1  2  3  4  5  6  7  8  9 10 11 |
---------------+----------------------------------+-----
Axes           | 4 5 6 7 8 10 12 13 | 13.7
Fighting       | 4 5 6 7 8 10 12 13 | 13.7
Armour         | 3 4 5 6 8 10 11 13 | 13.4
Dodging        | |  2.1

Action                   |  1- 3 |  4- 6 |  7- 9 | 10-12 || total
-------------------------+-------+-------+-------+-------++-------
Melee: Hand axe          |    73 |   191 |    54 |       ||   318
       Headbutt          |    13 |    30 |    74 |    65 ||   182
       War axe           |       |       |   304 |       ||   304
       Battleaxe         |       |       |       |   310 ||   310
Throw: Stone             |       |    64 |   109 |    85 ||   258
Invok: Berserk           |       |     3 |     3 |     6 ||    12
  Use: Scroll            |       |       |    10 |    11 ||    21
       Potion            |       |       |       |     1 ||     1
 Stab: Sleeping          |     1 |       |       |       ||     1
  Eat: Ration            |       |     1 |     1 |     1 ||     3
       Chunk             |       |     8 |    15 |    23 ||    46
Armor: Plate armour      |    30 |   130 |   189 |    53 ||   402
       Animal skin       |     2 |       |       |       ||     2
       Quicksilver drago |       |       |       |   118 ||   118
Dodge: Dodged            |    35 |    66 |    97 |   157 ||   355
